 Dungeon Crawl Stone Soup version 0.18.1-50-g88ac8fd (webtiles) character file.

1309 wolfsongas the Ruffian (level 8, 0/70 HPs)
             Began as a Minotaur Monk on May 2, 2017.
             Was a Priest of Makhleb.
             Slain by a yak (14 damage)
             ... on level 5 of the Dungeon.
             The game lasted 00:19:56 (5432 turns).

wolfsongas the Ruffian (Minotaur Monk)              Turns: 5432, Time: 00:19:57

Health: 0/70       AC:  3    Str: 22    XL:     8   Next: 32%
Magic:  7/7        EV: 15    Int:  7    God:    Makhleb [***...]
Gold:   203        SH:  0    Dex: 13    Spells: 0 memorised, 7 levels left

rFire  + + .     SeeInvis .       - Unarmed
rCold  . . .     Gourm    .     q - +0 robe "Jecuomm" {rF+ Str+4 Stlth-}
rNeg   . . .     Faith    .     (no shield)
rPois  .         Spirit   .     (helmet restricted)
rElec  .         Dismiss  .     (no cloak)
rCorr  .         Reflect  .     (no gloves)
SustAt .         Harm     .     D - +0 pair of boots
MR     .....                    (no amulet)
Stlth  +.........               (no ring)
                                i - ring of protection from fire

@: not resistant to hostile enchantments, very unstealthy
A: retaliatory headbutt, horns 2, blurry vision 1, screaming 1
a: Minor Destruction, Lesser Servant of Makhleb, Renounce Religion


You were on level 5 of the Dungeon.
You worshipped Makhleb.
Makhleb was most pleased with you.
You were not hungry.

You visited 1 branch of the dungeon, and saw 5 of its levels.
You also visited: Ossuary.

You collected 203 gold pieces.

Inventory:

Hand Weapons
 d - a +0 hunting sling
 f - a cursed -2 flail
 h - a cursed -3 short sword
 k - a cursed -2 dagger
 p - a +0 whip
Armour
 a - a +0 robe
 c - a +0 leather armour
 e - a +0 ring mail
 g - a +0 scale mail
 l - a cursed +0 leather armour
 q - the +0 robe "Jecuomm" (worn) {rF+ Str+4 Stlth-}
   (You found it on level 4 of the Dungeon)

   It affects your strength (+4).
   It protects you from fire.
   It makes you less stealthy.
 s - a +2 robe of magic resistance
 D - a +0 pair of boots (worn)
Jewellery
 i - a ring of protection from fire (left hand)
Scrolls
 b - 2 scrolls of blinking
 n - a scroll of recharging
 o - 2 scrolls of teleportation
 r - a scroll of random uselessness {unknown}
 t - 2 scrolls of amnesia {unknown}
 y - a scroll of fog
Potions
 j - a potion of degeneration {unknown}
 m - 2 potions of resistance {unknown}
 u - a potion of agility {unknown}
 v - a potion of curing
 w - a potion of cancellation {unknown}
 z - a potion of magic {unknown}
 B - a potion of flight {unknown}
Comestibles
 x - 3 fruits
 A - a bread ration


   Skills:
 + Level 5.9 Fighting
 + Level 6.0 Armour
 + Level 6.0 Dodging
 + Level 3.1 Stealth
 + Level 7.3 Unarmed Combat


You had 7 spell levels left.
You didn't know any spells.

Dungeon Overview and Level Annotations

Branches:
Dungeon (5/15)             Temple (0/1) D:5

Altars:
Cheibriados
Makhleb
Nemelex Xobeh


Innate Abilities, Weirdness & Mutations

You reflexively headbutt those who attack you in melee.
You have a pair of horns on your head.
Scrolls take you a little longer to read.
You occasionally shout uncontrollably at your foes.


Message History

You furiously retaliate!
You headbutt the yak! You hit the yak but do no damage.
The yak is heavily wounded.
The yak gores you!
* * * LOW HITPOINT WARNING * * *
You punch the yak! Your headbutt misses the yak.
The yak is almost dead.
The yak closely misses you. You furiously retaliate!
You headbutt the yak. The yak barely misses you.
You hit the yak.
The yak is almost dead.
The yak gores you.
* * * LOW HITPOINT WARNING * * *
The yak gores you!
* * * LOW HITPOINT WARNING * * *
The yak gores you.
* * * LOW HITPOINT WARNING * * *
Drink which item? (? for menu, Esc to quit)
You feel better. The yak closely misses you. The yak gores you!
You die...

#.###....#.....#
#.#.)....#.....#
#!#.#<...'..>..#
#.#.#....#.....#
#.#.#....#.....#
#.#.######.....#
#####
#.#......#######
......#Y..##...#
..#...Y@#........
.###..Y###......#
..#.....#.......#
.....(.....#...##
)..........#...#
#......).... ..#
..#..#..#......#
.###...###....


You could see 3 yaks.

Vanquished Creatures
  Grinder (D:3)
  Sigmund (D:2)
  An ogre (D:4)
  An elf zombie (D:4)
  2 elf skeletons (D:4)
  2 howler monkeys (D:4)
  A human zombie (D:4)
  A hound (D:4)
  2 orc priests
  3 orc wizards
  An iguana (D:4)
  2 worker ants
  12 mummies (Ossuary)
  8 adders
  2 worms
  3 dart slugs
  3 giant geckos
  18 orcs
  4 giant cockroaches
  5 goblins
  5 hobgoblins (D:1)
  4 jackals (D:1)
  3 quokkas
  2 ball pythons
  3 bats
  2 giant newts
  5 gnoll skeletons (Ossuary)
  A goblin skeleton (Ossuary)
  A jackal skeleton (D:4)
  11 kobolds
  A kobold skeleton (Ossuary)
  2 orc skeletons
  An orc zombie (D:4)
  A quokka skeleton (D:4)
  9 rats
  11 rat skeletons (Ossuary)
135 creatures vanquished.

Notes
Turn   | Place    | Note
--------------------------------------------------------------
     0 | D:1      | wolfsongas the Minotaur Monk began the quest for the Orb.
     0 | D:1      | Reached XP level 1. HP: 19/19 MP: 0/0
   289 | D:1      | Reached XP level 2. HP: 27/27 MP: 1/1
   461 | D:1      | Reached skill level 5 in Unarmed Combat
   869 | D:2      | Found a snail-covered altar of Cheibriados.
   894 | D:2      | Reached XP level 3. HP: 33/33 MP: 2/2
   897 | D:2      | Reached skill level 1 in Armour
  1470 | D:2      | Noticed Sigmund
  1488 | D:2      | Killed Sigmund
  1488 | D:2      | Reached XP level 4. HP: 13/40 MP: 3/3
  1488 | D:2      | Reached XP level 5. HP: 15/46 MP: 4/4
  2483 | D:3      | Gained mutation: You occasionally shout uncontrollably at your foes. [potion of mutation]
  2483 | D:3      | Gained mutation: Scrolls take you a little longer to read. [potion of mutation]
  2504 | D:3      | Reached XP level 6. HP: 12/53 MP: 5/5
  2904 | D:3      | Noticed Grinder
  2914 | D:3      | Paralysed by Grinder for 2 turns
  2924 | D:3      | Killed Grinder
  3150 | D:3      | Reached XP level 7. HP: 58/60 MP: 6/6
  3186 | D:3      | Reached skill level 5 in Dodging
  3655 | D:4      | Reached skill level 5 in Armour
  3655 | D:4      | Reached skill level 6 in Unarmed Combat
  3667 | D:4      | Reached skill level 5 in Fighting
  3860 | D:4      | Found a burning altar of Makhleb.
  3868 | D:4      | Got a colourful robe
  3871 | D:4      | Became a worshipper of Makhleb the Destroyer
  3871 | D:4      | Reached * piety under Makhleb
  3871 | D:4      | Reached ** piety under Makhleb
  3937 | D:4      | Found a sparkling altar of Nemelex Xobeh.
  4097 | D:4      | Found a sand-covered staircase.
  4138 | D:4      | Reached XP level 8. HP: 69/69 MP: 7/7
  4147 | Ossuary  | Entered an ossuary
  4670 | D:4      | Reached *** piety under Makhleb
  4670 | D:4      | Reached skill level 7 in Unarmed Combat
  4763 | D:4      | Identified the cursed +0 robe "Jecuomm" {rF+ Str+4 Stlth-} (You found it on level 4 of the Dungeon)
  5385 | D:5      | Entered Level 5 of the Dungeon
  5402 | D:5      | Found a staircase to the Ecumenical Temple.
  5431 | D:5      | HP: 3/70 [yak (6)]
  5432 | D:5      | Slain by a yak

Skill      XL: |  1  2  3  4  5  6  7  8 |
---------------+-------------------------+-----
Unarmed Combat | 5 6 7 |  7.3
Armour         | 3 4 5 6 |  6.0
Fighting       | 4 5 |  5.9
Dodging        | 4 5 6 |  6.0
Stealth        | 2 3 |  3.1

Action                   |  1- 3 |  4- 6 |  7- 9 || total
-------------------------+-------+-------+-------++-------
Melee: Unarmed           |    69 |    65 |   239 ||   373
       Headbutt          |     8 |    16 |    48 ||    72
       Punch             |     5 |       |     6 ||    11
  Use: Scroll            |     8 |     1 |     6 ||    15
       Potion            |       |     3 |     3 ||     6
 Stab: Sleeping          |     2 |       |     2 ||     4
  Eat: Bread ration      |     1 |     1 |       ||     2
       Chunk             |       |       |     2 ||     2
       Fruit             |       |       |     4 ||     4
Armor: Leather armour    |    16 |       |       ||    16
       Ring mail         |       |    15 |    35 ||    50
       Robe              |       |       |     2 ||     2
Dodge: Dodged            |    50 |    40 |   125 ||   215
